 Dungeon Crawl Stone Soup version 0.31-a0-202-g547052bce9 (webtiles) character file.

Game seed: 3427565870463352193

151 qw the Skirmisher (level 5, -3/29 HPs)
             Began as a Deep Elf Hunter on June 26, 2023.
             Slain by Jessica
             ... wielding a +2 dagger of venom
              (5 damage)
             ... on level 3 of the Dungeon.
             The game lasted 00:00:43 (1826 turns).

qw the Skirmisher (Deep Elf Hunter)                 Turns: 1826, Time: 00:00:43

Health: -3/29      AC:  3    Str: 10    XL:     5   Next: 10%
Magic:  7/7        EV: 12    Int: 14    God:
Gold:   262        SH:  0    Dex: 18    Spells: 4/4 levels left

rFire   . . .        Y - +2 shortbow
rCold   . . .        (shield currently unavailable)
rNeg    . . .        c - +0 leather armour
rPois   .            (no helmet)
rElec   .            (no cloak)
rCorr   .            (no gloves)
SInv    .            (no boots)
Will    .....        (no amulet)
Stlth   ++           (no ring)
HPRegen 0.24/turn    (no ring)
MPRegen 0.10/turn

%: no passive effects
@: no status effects
A: no striking features
a: no special abilities


You were on level 3 of the Dungeon.
You visited 1 branch of the dungeon, and saw 3 of its levels.

You collected 262 gold pieces.


   Skills:
 - Level 1.5 Fighting
 + Level 8.5 Ranged Weapons
 - Level 2.4 Dodging
 - Level 1.2 Stealth


You had 4 spell levels left.
You didn't know any spells.
Your spell library was empty.

Inventory:

Hand Weapons
 Y - a +2 shortbow (weapon)
Armour
 c - a +0 leather armour (worn)
Scrolls
 a - 2 scrolls of identify
 e - a scroll of revelation {unknown}
Potions
 b - a potion of curing {unknown}
 d - a potion of ambrosia {unknown}
 f - a potion of haste {unknown}
 i - 2 potions of attraction {unknown}

Dungeon Overview and Level Annotations

Branches:
Dungeon (3/15)

Altars:
Gozag
Uskayaw

Annotations:
D:3 Jessica


Message History

You shoot an arrow. The arrow hits the worm!
The worm is heavily wounded.
You shoot an arrow. The arrow hits the worm.
The worm is severely wounded.
You shoot an arrow. The arrow hits the worm.
The worm is almost dead.
You shoot an arrow. The arrow hits the worm.
You kill the worm!
A black bear comes into view.
The black bear growls angrily.
The black bear moves out of view.
Enter note:
Enter note:
Enter note:
Enter note: You shoot an arrow.
The arrow barely misses the black bear.
You hear a shout!
Jessica the Apprentice Sorceress comes into view.
She is wielding a +2 dagger of venom.
You shoot an arrow. The arrow hits the black bear.
The black bear is moderately wounded.
The black bear barely misses you. The black bear claws you.
The black bear misses you.
You shoot an arrow. The arrow barely misses the black bear.
The black bear closely misses you. The black bear claws you. x2
You shoot an arrow.
The arrow hits the black bear but does no damage.
The black bear is moderately wounded.
The black bear bites you. The black bear barely misses you.
The black bear claws you.
Jessica shouts, "You are a ghastly nuisance!"
You shoot an arrow. The arrow hits the black bear.
The black bear is moderately wounded.
The black bear bites you! The black bear closely misses you. x2
Jessica closely misses you.
You shoot an arrow. The arrow hits the black bear!
The black bear is severely wounded.
The black bear bites you. The black bear closely misses you.
The black bear claws you.
Jessica hits you with a +2 dagger of venom.
You die...

# #)# .# #.# ###.# #.#
##### # #... #.# #....
.#.##.##@# #.# #....
......h@.# #.# #....
##....##.#####.#####....
####.#.................
#.#..#####.#####....
#..........# #....
#%#..####### ####.
#.#..########## ##. . .
#...........####.# #. ##
#.#......##.....##


You could see a black bear and Jessica.

Vanquished Creatures
  5 gnolls
  3 adders (D:2)
  3 worms (D:3)
  4 ball pythons
  10 endoplasms
  3 giant cockroaches
  7 goblins
  7 hobgoblins
  3 jackals
  3 quokkas
  3 bats
  2 frilled lizards (D:1)
  4 kobolds
  6 rats
63 creatures vanquished.

Notes
Turn   | Place    | Note
-------+----------+-------------------------------------------
     0 | D:1      | qw the Deep Elf Hunter began the quest for the Orb.
     0 | D:1      | Reached XP level 1. HP: 12/12 MP: 3/3
     0 | D:1      | 0 ||| qw: Version: 0.3-a-22-g0ed2b0b
     0 | D:1      | 0 ||| qw: Game counter: 6338
     0 | D:1      | 0 ||| qw: Melee chars always use a shield: true
     0 | D:1      | 0 ||| qw: God list: Okawaru
     0 | D:1      | 0 ||| qw: Allow faded altars: false
     0 | D:1      | 0 ||| qw: Do Orc after clearing Dungeon:15 true
     0 | D:1      | 0 ||| qw: Do second Lair branch before Depths: true
     0 | D:1      | 0 ||| qw: Lair rune preference: random
     0 | D:1      | 0 ||| qw: Goals: Normal
     0 | D:1      | 0 ||| PLANNING D:1-11
    16 | D:1      | Reached skill level 6 in Ranged Weapons
    16 | D:1      | Reached XP level 2. HP: 16/16 MP: 4/4
   651 | D:1      | Reached XP level 3. HP: 20/20 MP: 5/5
   786 | D:1      | 786 ||| DROPPING ring of wizardry.
   787 | D:1      | 787 ||| READING scroll labelled JOECZI QUARYSU.
   788 | D:1      | 788 ||| READING scroll labelled NIUSICV NUOL.
   789 | D:1      | 789 ||| READING scroll labelled CEEGEGUBYA.
   790 | D:1      | 790 ||| READING scroll labelled OWKIAMET OLOSCH.
   795 | D:1      | 795 ||| READING scroll labelled EGEINO VOKHLUDOH.
   796 | D:1      | 796 ||| DROPPING scroll of butterflies.
   839 | D:2      | 839 ||| STAIRDANCE
   903 | D:2      | 903 ||| FLEEEEING.
   904 | D:2      | 904 ||| FLEEEEING.
   905 | D:2      | 905 ||| FLEEEEING.
   906 | D:2      | 906 ||| STAIRDANCE
   943 | D:2      | Reached skill level 7 in Ranged Weapons
   951 | D:2      | Reached XP level 4. HP: 13/25 MP: 6/6
  1065 | D:2      | Found a hide-covered altar of Uskayaw.
  1096 | D:2      | Reached skill level 8 in Ranged Weapons
  1471 | D:2      | 1471 ||| READING scroll labelled RAUNGY FYECHE.
  1637 | D:3      | 1637 ||| READING scroll of enchant weapon.
  1637 | D:3      | 1637 ||| ENCHANTING +1 shortbow.
  1649 | D:3      | Reached XP level 5. HP: 29/29 MP: 7/7
  1703 | D:3      | Found an opulent altar of Gozag.
  1819 | D:3      | Noticed a black bear
  1821 | D:3      | Noticed Jessica
  1826 | D:3      | HP: 5/29 [black bear (3)]
  1826 | D:3      | HP: 2/29 [black bear (3)]
  1826 | D:3      | Slain by Jessica

Levels and vault maps discovered:
D:1:      roderic_crossed_star, layout_basic, kennysheep_minor_cross
D:2:      minmay_evil_eye, layout_rooms, basic_altar
D:3:      cheibrodos_greedy_goblins, layout_loops_ring, amcnicky_altar_gilded,
          chequers_mini_garden, uniq_jessica

Skill      XL: |  1  2  3  4 |
---------------+-------------+-----
Ranged Weapons | 6 7 8 |  8.5
Fighting       | |  1.5
Dodging        | |  2.4
Stealth        | |  1.2

Action                     |  1- 3 |  4- 6 || total
---------------------------+-------+-------++-------
   Fire: Shortbow          |    69 |    88 ||   157
    Use: Scroll            |     5 |     2 ||     7
 Armour: Leather armour    |    11 |     8 ||    19
  Dodge: Dodged            |    31 |    15 ||    46

Table legend:
 A = Non-vault XP
 B = Vault XP
 C = Vault XP percentage of total XP
 D = Non-vault monster count
 E = Vault monster count
 F = Vault count percentage of total count
                 A         B        C        D         E       F
            +---------+---------+-------+---------+---------+-------
      Total |     200 |      16 |   7.4 |      55 |       8 |  12.7
            +---------+---------+-------+---------+---------+-------
        D:1 |      44 |       0 |   0.0 |      19 |       0 |   0.0
        D:2 |     133 |       2 |   1.5 |      28 |       1 |   3.4
        D:3 |      23 |      14 |  37.8 |       8 |       7 |  46.7
            +---------+---------+-------+---------+---------+-------
